 Dungeon Crawl Stone Soup version 0.25-a0-35-g747a2b3c0c (webtiles) character file.

Game seed: 5357150983302187000, levelgen mode: deterministic

700 Arixos the Chopper (level 7, -4/62 HPs)
             Began as a Minotaur Monk on Oct 18, 2019.
             Was a Priest of Okawaru.
             Slain by an ogre
             ... wielding a cursed +0 giant club
              (15 damage)
             ... on level 4 of the Dungeon.
             The game lasted 00:12:56 (3559 turns).

Arixos the Chopper (Minotaur Monk)                  Turns: 3559, Time: 00:12:57

Health: -4/62      AC:  9    Str: 17    XL:     7   Next: 38%
Magic:  6/6        EV: 12    Int:  7    God:    Okawaru [***...]
Gold:   190        SH:  6    Dex: 13    Spells: 6/6 levels left

rFire    . . .     SeeInvis .   a - +0 hand axe
rCold    . . .     Gourm    .   n - +2 buckler
rNeg     . . .     Faith    .   o - +1 scale mail {rPois}
rPois    +         Spirit   .   (helmet restricted)
rElec    .         Reflect  .   (no cloak)
rCorr    .         Harm     .   h - +0 pair of gloves
MR       .....                  (no boots)
Stlth    ..........             (no amulet)
HPRegen  0.20/turn              (no ring)
MPRegen  0.10/turn              (no ring)

@: no status effects
A: retaliatory headbutt, horns 2
a: Heroism, Renounce Religion


You were on level 4 of the Dungeon.
You worshipped Okawaru.
Okawaru was most pleased with you.
You were hungry.

You visited 1 branch of the dungeon, and saw 4 of its levels.
You also visited: Ossuary.

You collected 190 gold pieces.

Inventory:

Hand Weapons
 a - a +0 hand axe (weapon)
Armour
 h - a +0 pair of gloves (worn)
 n - a +2 buckler (worn)
 o - a +1 scale mail of poison resistance (worn)
Wands
 i - a wand of acid (8)
Scrolls
 j - 3 scrolls of enchant weapon
 k - a scroll of magic mapping {unknown}
 l - 5 scrolls of identify
 m - a scroll of teleportation
 s - a scroll of fear {unknown}
 t - a scroll of remove curse
Potions
 b - a potion of lignification {unknown}
 d - 2 potions of cancellation {unknown}
 e - a potion of resistance {unknown}
 f - 4 potions of curing
 g - a potion of might {unknown}
 p - a potion of mutation {unknown}
 q - 2 potions of agility {unknown}
 r - 2 potions of flight {unknown}
 u - 2 potions of invisibility {unknown}
 v - a potion of magic {unknown}
Comestibles
 c - 7 rations


   Skills:
 + Level 5.9 Fighting
 + Level 5.9 Axes
 + Level 4.2 Armour
 + Level 5.3 Dodging
 - Level 1.5 Stealth
 + Level 2.6 Shields


You had 6 spell levels left.
You didn't know any spells.
Your spell library was empty.

Dungeon Overview and Level Annotations

Branches:
Dungeon (4/15)            Ossuary (visited)
 Temple: D:4-7

Altars:
Dithmenos
Makhleb
Okawaru
Yredelemnul


Innate Abilities, Weirdness & Mutations

You reflexively headbutt those who attack you in melee.
You have a pair of horns on your head.


Message History

You hit the withered plant but do no damage.
You hit the ogre but do no damage.
The ogre is moderately wounded.
You hit the withered plant but do no damage.
The ogre hits you with a cursed +0 giant club!
You barely miss the ogre.
You headbutt the ogre, but do no damage.
The ogre is moderately wounded.
You hit the withered plant but do no damage.
The ogre hits you with a cursed +0 giant club!
* * * LOW HITPOINT WARNING * * *
The ogre barely misses you.
Found a stone staircase leading down.
Found a murky puce potion.
There is a stone staircase leading down here.
Found a stone staircase leading up.
You see here a murky puce potion.
v - a murky puce potion The ogre hits you with a cursed +0 giant club!
You die...

#.##.......# ..
........#..# .##
###......#.# .#.
#........# ..
#......#.. <#
##..#.#..#
##.#####.#
#.......#
.........#
##......#
#@#########...##.#
#.O..........#?#..
########......##.#
#..P.P....#
##.._...###
#.P.P..# #......#
######.# .#


You could see an ogre.

Vanquished Creatures
  3 elf zombies (Ossuary)
  A scorpion (D:4)
  2 centaur zombies (Ossuary)
  A human zombie (Ossuary)
  An orc priest (D:3)
  Jessica (D:2)
  An orc wizard (D:3)
  A big kobold zombie (Ossuary)
  3 mummies (Ossuary)
  7 adders
  4 gnolls
  2 oozes
  An adder zombie (Ossuary)
  3 worms
  2 dart slugs
  4 leopard geckos
  3 orcs (D:3)
  A giant cockroach (D:2)
  A gnoll zombie (Ossuary)
  7 goblins
  6 hobgoblins
  3 jackals (D:2)
  4 kobolds
  A quokka (D:3)
  2 ball pythons (D:1)
  12 bats
  3 frilled lizards
  6 goblin zombies (Ossuary)
  4 hobgoblin zombies (Ossuary)
  3 jackal zombies (Ossuary)
  3 kobold zombies (Ossuary)
  2 orc zombies (Ossuary)
  A quokka skeleton (D:3)
  A quokka zombie (Ossuary)
  8 rats
  6 rat zombies (Ossuary)
114 creatures vanquished.

Notes
Turn   | Place    | Note
-------+----------+-------------------------------------------
     0 | D:1      | Arixos the Minotaur Monk began the quest for the Orb.
     0 | D:1      | Reached XP level 1. HP: 19/19 MP: 0/0
   292 | D:1      | Reached XP level 2. HP: 23/27 MP: 1/1
   352 | D:1      | Reached skill level 1 in Armour
   611 | D:1      | Reached XP level 3. HP: 8/33 MP: 2/2
  1375 | D:2      | Found a shadowy altar of Dithmenos.
  1386 | D:2      | Noticed Jessica
  1398 | D:2      | Killed Jessica
  1398 | D:2      | Reached XP level 4. HP: 31/41 MP: 3/3
  1808 | D:2      | Found a burning altar of Makhleb.
  1808 | D:2      | Found an iron altar of Okawaru.
  1812 | D:2      | Became a worshipper of Warmaster Okawaru
  1812 | D:2      | Reached * piety under Okawaru
  1812 | D:2      | Reached ** piety under Okawaru
  1954 | D:3      | Reached XP level 5. HP: 23/47 MP: 4/4
  2338 | D:3      | Reached skill level 5 in Fighting
  2338 | D:3      | Reached skill level 5 in Axes
  2976 | D:4      | Reached XP level 6. HP: 56/56 MP: 5/5
  2989 | D:4      | Found a sand-covered staircase.
  3006 | Ossuary  | Entered an ossuary
  3036 | Ossuary  | Reached skill level 1 in Shields
  3052 | Ossuary  | Reached skill level 5 in Dodging
  3124 | Ossuary  | Reached *** piety under Okawaru
  3140 | Ossuary  | Reached XP level 7. HP: 16/62 MP: 6/6
  3536 | D:4      | Found a basalt altar of Yredelemnul.
  3559 | D:4      | Slain by an ogre

Levels and vault maps discovered:
D:1:      saegor_arrival_simple_d, layout_basic, hex_medium,
          kennysheep_crisscross
D:2:      layout_basic, nicolae_dithmenos_shadow_blocks,
          gammafunk_temple_overflow_elements, uniq_jessica
D:3:      layout_loops_cross, first_ration
D:4:      layout_loops_ring, yredelemnul_altar_generic, portal_sewer_entry_e,
          nicolae_ossuary_entry_ruins

Skill      XL: |  1  2  3  4  5  6 |
---------------+-------------------+-----
Armour         | 1 2 3 4 |  4.2
Fighting       | 4 5 |  5.9
Axes           | 4 5 |  5.9
Dodging        | 4 5 |  5.3
Shields        | 2 |  2.6
Stealth        | |  1.5

Action                   |  1- 3 |  4- 6 |  7- 9 || total
-------------------------+-------+-------+-------++-------
Melee: Hand axe          |    58 |   199 |    56 ||   313
       Headbutt          |     8 |    29 |    15 ||    52
  Use: Scroll            |       |     5 |       ||     5
       Potion            |       |     1 |       ||     1
 Stab: Sleeping          |     3 |       |       ||     3
  Eat: Chunk             |     1 |     6 |     1 ||     8
Armor: Robe              |     5 |       |       ||     5
       Leather armour    |       |    14 |       ||    14
       Scale mail        |       |    50 |    12 ||    62
Dodge: Dodged            |    37 |   116 |    16 ||   169
Block: Buckler           |       |    32 |     5 ||    37

Table legend:
 A = Non-vault XP
 B = Vault XP
 C = Vault XP percentage of total XP
 D = Non-vault monster count
 E = Vault monster count
 F = Vault count percentage of total count
                 A         B        C        D         E       F
            +---------+---------+-------+---------+---------+-------
      Total |     428 |     572 |  57.2 |      76 |      38 |  33.3
            +---------+---------+-------+---------+---------+-------
        D:1 |      54 |       0 |   0.0 |      22 |       0 |   0.0
        D:2 |      79 |      37 |  31.9 |      22 |       1 |   4.3
        D:3 |     202 |       0 |   0.0 |      28 |       0 |   0.0
        D:4 |      93 |       0 |   0.0 |       4 |       0 |   0.0
    Ossuary |       0 |     535 | 100.0 |       0 |      37 | 100.0
            +---------+---------+-------+---------+---------+-------
